 Dungeon Crawl Stone Soup version 0.28.0-53-g5a82cb258f (webtiles) character file.

Game seed: 1851373271972907718

49 Gabide the Ruffian (level 3, -3/29 HPs)
             Began as a Mummy Monk on June 2, 2022.
             Killed from afar by Sigmund (6 damage)
             ... with a magic dart
             ... on level 2 of the Dungeon.
             The game lasted 00:02:37 (2783 turns).

Gabide the Ruffian (Mummy Monk)                     Turns: 2783, Time: 00:02:38

Health: -3/29      AC:  6    Str: 16    XL:     3   Next: 53%
Magic:  3/3        EV: 10    Int:  9    God:
Gold:   98         SH:  0    Dex: 14    Spells: 2/2 levels left

rFire   x . .      SeeInvis .     - Unarmed
rCold   + . .      Faith    .   (no shield)
rNeg    + + +      Spirit   .   f - +0 scale mail
rPois   ∞          Reflect  .   (no helmet)
rElec   .          Harm     .   (no cloak)
rCorr   .          Rampage  .   (no gloves)
Will    .....                   (no boots)
Stlth   ..........              (no amulet)
HPRegen 0.09/turn               (no ring)
MPRegen 0.08/turn               (no ring)

@: no status effects
A: cold resistance 1, negative energy resistance 3, torment resistance 2, heat
vulnerability 1, no potions
a: no special abilities


You were on level 2 of the Dungeon.
You visited 1 branch of the dungeon, and saw 2 of its levels.

You collected 98 gold pieces.

Inventory:

Armour
 e - a +0 ring mail
 f - a +0 scale mail (worn)
 g - a +0 leather armour
Scrolls
 a - a scroll of teleportation
 b - a scroll of identify
 c - a scroll of enchant weapon
 d - a scroll of torment {unknown}


   Skills:
 - Level 3.0 Fighting
 - Level 3.0 Dodging
 - Level 1.5 Stealth
 + Level 3.3 Unarmed Combat


You had 2 spell levels left.
You didn't know any spells.
Your spell library contained the following spells:

 Spells                   Type           Power      Damage    Failure   Level
 Ensorcelled Hibernation  Hex/Ice        0%         N/A       93%         2
 Passwall                 Tmut/Erth      0%         N/A       93%         2
 Swiftness                Air            0%         N/A       99%         3
 Tukima's Dance           Hex            0%         N/A       99%         3
 Anguish                  Hex/Necr       0%         N/A       100%        4
 Enfeeble                 Hex            0%         N/A       100%        7


Dungeon Overview and Level Annotations

Branches:
Dungeon (2/15)

Altars:

Annotations:
D:2 Sigmund


Innate Abilities, Weirdness & Mutations

You are immune to poison.
Your flesh is cold resistant. (rC+)
You are immune to negative energy. (rN+++)
You are immune to unholy pain and torment.
You are vulnerable to heat. (rF-)
You do not drink.


Message History

There is a stone staircase leading down here.
You start resting.
HP restored.
There is an open door here.
There is an open door here.
There is a stone staircase leading down here.
You climb downwards.
Level annotation: Sigmund
There is a stone staircase leading up here.
You barely miss the worm. The worm barely misses you.
You hit the worm.
The worm is moderately wounded.
The worm bites you but does no damage.
You hit the worm.
The worm is moderately wounded.
You barely miss the worm.
The worm is moderately wounded.
The worm barely misses you.
You hit the worm but do no damage.
The worm is lightly wounded.
You hit the worm.
The worm is heavily wounded.
The worm bites you.
You hit the worm but do no damage.
The worm is moderately wounded.
You hit the worm.
The worm is heavily wounded.
The worm bites you.
You hit the worm.
The worm is heavily wounded.
You hit the worm.
The worm is severely wounded.
The worm bites you!
Sigmund points at you and mumbles some strange words.
The magic dart hits you!
* * * LOW HITPOINT WARNING * * *
There is a stone staircase leading up here.
Sigmund gestures at you while chanting. The magic dart hits you.
You die...

..≈ ≈..
#J###.####.##.#≈≈
.g≈g ..
#.###.####.#...#.
..≈≈≈ #
#................
#.≈...
##.##.####.#...##
##.##.# #.#####
...#####...#.# #.#
#...........# #.#
######.....#####.#
# #..@w.........#
# ####...######.#
# #.....@....# ##
#.########@#####.
'.# #....... ###
#######. ## ### #
#.# #


You could see Sigmund and a worm.

Vanquished Creatures
  2 gnolls
  2 dart slugs
  3 bats
  3 endoplasms (D:1)
  2 giant cockroaches
  3 goblins
  A hobgoblin (D:2)
  A kobold (D:1)
  2 quokkas
  2 frilled lizards
  3 rats (D:1)
24 creatures vanquished.

Notes
Turn   | Place    | Note
-------+----------+-------------------------------------------
     0 | D:1      | Gabide the Mummy Monk began the quest for the Orb.
     0 | D:1      | Reached XP level 1. HP: 18/18 MP: 1/1
   357 | D:1      | Reached XP level 2. HP: 17/24 MP: 2/2
   583 | D:1      | You fall into a shaft and drop 1 floor!
  1385 | D:1      | Found a faded altar of an unknown god.
  1815 | D:2      | Noticed Sigmund
  1865 | D:2      | Reached XP level 3. HP: 20/29 MP: 3/3
  2783 | D:2      | Killed from afar by Sigmund

Illustrated notes

Levels and vault maps discovered:
D:1:      dpeg_arrival_windows_large_door, layout_loops_corners,
          ebering_ecumenical_altar_abandoned
D:2:      layout_loops_ring, serial_rivers, chequers_serial_rivers_room_b,
          chequers_serial_rivers_micro_d, chequers_serial_rivers_room_b,
          chequers_serial_rivers_large_a, chequers_serial_rivers_micro_c,
          uniq_sigmund

Skill      XL: |  1  2 |
---------------+-------+-----
Dodging        | 3 |  3.0
Unarmed Combat | 3 |  3.3
Fighting       | |  3.0
Stealth        | |  1.5

Action                   || total
-------------------------++-------
Melee: Unarmed           ||   126
       Punch             ||     2
  Use: Scroll            ||     2
 Stab: Sleeping          ||     1
Armor: Scale mail        ||    21
       Ring mail         ||     8
Dodge: Dodged            ||    71
